 Dungeon Crawl Stone Soup version 0.27-a0-869-g165b36e3f0 (webtiles) character file.

Game seed: 16586999456227473433

294 sizableburger the Skirmisher (level 6, -7/48 HPs)
             Began as a Mummy Warper on Apr 3, 2021.
             Was an Initiate of Okawaru.
             Killed by divine providence
             ... invoked by an orc priest
              (10 damage)
             ... on level 4 of the Dungeon.
             The game lasted 00:09:41 (7560 turns).

sizableburger the Skirmisher (Mummy Warper)         Turns: 7560, Time: 00:09:42

Health: -7/48      AC:  7    Str: 14    XL:     6   Next: 11%
Magic:  9/10       EV: 13    Int: 15    God:    Okawaru [......]
Gold:   221        SH:  0    Dex: 11    Spells: 8/10 levels left

rFire    x . .     SeeInvis .   a - +0 hand axe
rCold    + . .     Faith    .   (no shield)
rNeg     + + +     Spirit   .   b - +0 leather armour
rPois    ∞         Reflect  .   l - +2 helmet
rElec    .         Harm     .   (no cloak)
rCorr    .         Rampage  .   (no gloves)
Will     .....                  (no boots)
Stlth    ++........             (no amulet)
HPRegen  0.16/turn              (no ring)
MPRegen  0.12/turn              (no ring)

@: heroic
A: cold resistance 1, negative energy resistance 3, torment resistance 2,
unbreathing 1, heat vulnerability 1, no potions
a: Renounce Religion


You were on level 4 of the Dungeon.
You worshipped Okawaru.
Okawaru was noncommittal.
You visited 1 branch of the dungeon, and saw 4 of its levels.

You collected 221 gold pieces.

Inventory:

Hand Weapons
 a - a +0 hand axe (weapon)
Missiles
 d - 4 boomerangs
 k - 42 poisoned darts (quivered)
Armour
 b - a +0 leather armour (worn)
 l - a +2 helmet (worn)
Jewellery
 g - a +4 ring of evasion
 j - a ring of resist corrosion
Scrolls
 c - a scroll of torment
 e - 2 scrolls of teleportation
 f - a scroll of immolation


   Skills:
 + Level 4.2(9.2) Fighting
 + Level 3.9(8.9) Axes
 - Level 0.7(5.7) Throwing
 - Level 0.7(5.7) Armour
 - Level 1.5(6.5) Dodging
 - Level 2.7 Spellcasting
 - Level 2.4 Translocations
 - Level 1.4 Invocations


You had 8 spell levels left.
You knew the following spells:

 Your Spells              Type           Power      Damage    Failure   Level
a - Blink                 Tloc           N/A        N/A       14%         2

Your spell library contained the following spells:

 Spells                   Type           Power      Damage    Failure   Level
 Magic Dart               Conj           8%         1d3       26%         1
 Gell's Gravitas          Tloc           4%         N/A       28%         3
 Lesser Beckoning         Tloc           4%         N/A       28%         3
 Teleport Other           Tloc           9%         N/A       28%         3
 Call Imp                 Summ           2%         N/A       36%         2
 Slow                     Hex            2%         N/A       36%         2
 Conjure Flame            Conj/Fire      2%         6-21      58%         3
 Mephitic Cloud           Conj/Pois/Air  2%         N/A       58%         3
 Manifold Assault         Tloc           9%         N/A       95%         5


Dungeon Overview and Level Annotations

Branches:
Dungeon (4/15)
 Temple: D:4-7

Altars:
Hepliaklqana
Okawaru
Trog
Wu Jian


Innate Abilities, Weirdness & Mutations

You are immune to poison.
Your flesh is cold resistant. (rC+)
You are immune to negative energy. (rN+++)
You are immune to unholy pain and torment.
You can survive without breathing.
You are vulnerable to heat. (rF-)
You do not drink.


Message History

The orc priest is heavily wounded.
You hit the orc. The orc misses you.
The orc priest hits you but does no damage.
You hit the orc priest.
The orc priest is almost dead.
You hit the orc.
You kill the orc!
Okawaru accepts your kill.
The orc priest casts a cantrip, but nothing happens.
You hit the orc priest.
The orc priest is almost dead.
The orc priest closely misses you.
You hit the orc priest but do no damage.
The orc priest is almost dead.
You barely miss the orc priest.
The orc priest is almost dead.
The orc priest calls down the wrath of Beogh upon you.
Beogh smites you!
* * * LOW HITPOINT WARNING * * *
You hit the orc priest but do no damage.
Your punch misses the orc priest.
The orc priest is almost dead.
The orc priest misses you.
You completely miss the orc priest.
The orc priest is almost dead.
The orc priest closely misses you.
You barely miss the orc priest.
The orc priest is almost dead.
The orc priest hits you with a +0 hand axe.
* * * LOW HITPOINT WARNING * * *
You hit the orc priest but do no damage.
The orc priest is almost dead.
The orc priest misses you.
You barely miss the orc priest.
The orc priest is almost dead.
You hit the orc priest but do no damage.
The orc priest is almost dead.
The orc priest invokes the aid of Beogh against you.
Beogh smites you!
You die...

######## #.# #.#.#..# ...
......# #.##+##.#..#
..#...#....#############
##.+..o+.#..(............
#..#...#@o.†#############
##.##'##)#..# #.
#....o.(....# #.
##.#.#.#.##.# #.
#####.#.##.# #. #......#
#######. ######.#
#....... .# ##.##... ..
#......


You could see an orc priest.

Vanquished Creatures
  A black bear (D:4)
  Terence (D:3)
  6 adders
  4 worms
  4 dart slugs
  12 orcs
  3 ball pythons
  6 bats
  4 endoplasms
  3 giant cockroaches
  7 hobgoblins
  3 jackals
  7 quokkas
  4 frilled lizards
  6 goblins
  10 kobolds
  9 rats
90 creatures vanquished.

Notes
Turn   | Place    | Note
-------+----------+-------------------------------------------
     0 | D:1      | sizableburger the Mummy Warper began the quest for the Orb.
     0 | D:1      | Reached XP level 1. HP: 16/16 MP: 4/4
   410 | D:1      | Found a faded altar of an unknown god.
   418 | D:1      | Became a worshipper of Warmaster Okawaru
   418 | D:1      | Reached * piety under Okawaru
   765 | D:1      | Reached XP level 2. HP: 18/22 MP: 5/5
  1122 | D:1      | Reached skill level 1 in Invocations
  1550 | D:1      | Reached XP level 3. HP: 25/27 MP: 7/7
  2668 | D:2      | Found an iron altar of Okawaru.
  2685 | D:2      | Learned a level 2 spell: Blink
  2725 | D:2      | HP: 1/28 [worm (11)]
  3060 | D:2      | Reached XP level 4. HP: 9/34 MP: 8/8
  4718 | D:3      | Reached skill level 3 in Fighting
  5772 | D:3      | Reached XP level 5. HP: 30/41 MP: 9/9
  5853 | D:3      | Found a bloodstained altar of Trog.
  5983 | D:3      | Noticed Terence
  5995 | D:3      | Killed Terence
  6844 | D:4      | Noticed a black bear
  6872 | D:4      | Killed a black bear
  6873 | D:4      | Reached skill level 4 in Fighting
  6873 | D:4      | Reached XP level 6. HP: 10/48 MP: 10/10
  7340 | D:4      | Found an ornate altar of the Wu Jian Council.
  7340 | D:4      | Found a hazy altar of Hepliaklqana.
  7560 | D:4      | Killed from afar by an orc priest

Illustrated notes

Levels and vault maps discovered:
D:1:      ebering_trefoil_3fold, layout_loops_ring,
          chequers_ecumenical_altar_twisty
D:2:      minmay_chambers_of_ones, layout_basic, basic_altar, minmay_tripent
D:3:      layout_basic, amcnicky_altar_gilded, roderic_serpentine_path,
          solitary_fountain, uniq_terence
D:4:      layout_rooms, amethyst_overflow_temple_binary,
          lightli_sewer_entry_pipes, serial_shops, kennysheep_mini,
          minmay_misc_feat_doors, minivault_5

Skill      XL: |  1  2  3  4  5 |
---------------+----------------+-----
Axes           | 2 3 |  3.9
Invocations    | 1 |  1.4
Fighting       | 3 4 |  4.2
Throwing       | |  0.7
Armour         | |  0.7
Dodging        | |  1.5
Spellcasting   | |  2.7
Translocations | |  2.4

Action                   |  1- 3 |  4- 6 || total
-------------------------+-------+-------++-------
Melee: Hand axe          |   201 |   264 ||   465
Throw: Boomerang         |     5 |       ||     5
       Dart              |       |    40 ||    40
Invok: Heroism           |     1 |     1 ||     2
  Use: Scroll            |       |     7 ||     7
 Stab: Sleeping          |     1 |       ||     1
Armor: Leather armour    |    67 |    71 ||   138
Dodge: Dodged            |   167 |   171 ||   338

Table legend: (Time is in decaauts)
 A = Elapsed time spent in this place.
 B = Non-inter-level travel time spent in this place.
 C = Inter-level travel time spent in this place.
 D = Time resting spent in this place.
 E = Time spent auto-exploring this place.
 F = Levels seen in this place.
 G = Mean time per level.
                   A        B        C        D        E       F      G
               +--------+--------+--------+--------+--------+-----+--------+
         Total |   7628 |   7398 |    230 |   2549 |   3739 |   4 | 1907.0 |
       Dungeon |   7628 |   7398 |    230 |   2549 |   3739 |   4 | 1907.0 |
               +--------+--------+--------+--------+--------+-----+--------+

Top non-repeatable levels by time:
     D:2: 2617 daAuts
     D:1: 2247 daAuts
     D:3: 1969 daAuts
     D:4: 793 daAuts
